AoeStats
← Alexander

Arena

509268011Analyzed
4v4 RM · 6d ago on Sep 26, 2026· 55m 16s· 8 players
Game mode
Random Map
Map size
Large (8 player)
Population
200
Speed
Normal
Resources
Standard
Victory
Conquest
Starting age
Dark Age
Ending age
Imperial Age
RankedLock teamsTeams togetherTeam positionsShared explorationLock speedFull tech treeHidden civsTurbo modeCheats
Victory
Defeat
🇺🇸 Varangians · United States
1101
+10
🇲🇽 Vietnamese · Mexico
1031
+13
🇲🇽 Italians · Mexico
1019
+13
🇺🇸 Persians · United States
1001
+13
🇺🇸 Romans · United States
1010
-14
🇪🇨 Aztecs · Ecuador
998
-14
🇨🇱 Bohemians · Chile
975
-13
🇺🇸 Huns · United States
845
-8
Thorin escudo de Roble
9:01 Feudal Age
14:18 Castle Age
12:40 Double-Bit Axe
13:14 Stone Mining
15:12 Wheelbarrow
20:14 Horse Collar
20:49 Gold Mining
23:04 Hand Cart
24:29 Heavy Plow
24:42 Bow Saw
29:02 Imperial Age
27:33 Forging
27:24 Scale Mail Armor
27:40 Squires
28:59 Iron Casting
28:53 Ballistics
29:36 Chain Mail Armor
31:05 Chemistry
30:31 Conscription
31:51 Blast Furnace
34:44 Arson
38:44 Plate Mail Armor
41:14 Padded Archer Armor
41:05 Fletching
41:45 Elite Genoese Crossbowman
42:24 Bodkin Arrow
45:07 Two-Man Saw
44:42 Crop Rotation
44:31 Bracer
44:47 Leather Archer Armor
49:59 Ring Archer Armor
54:48 Spies/Treason
goree.jacob
12:01 Feudal Age
11:20 Loom
17:20 Castle Age
16:12 Stone Mining
16:08 Double-Bit Axe
20:30 Padded Archer Armor
26:41 Fletching
30:24 Ballistics
36:16 Imperial Age
35:03 Gold Mining
37:11 Stone Shaft Mining
36:51 Horse Collar
39:04 Leather Archer Armor
41:18 Bodkin Arrow
45:00 Bracer
46:10 Wheelbarrow
49:27 Bow Saw
49:27 Town Watch
55:41 Two-Man Saw
55:57 Ring Archer Armor
Lord Gail
12:13 Feudal Age
18:01 Castle Age
17:22 Horse Collar
17:31 Double-Bit Axe
19:36 Gold Mining
20:25 Wheelbarrow
20:39 Bow Saw
25:50 Hand Cart
26:27 Scale Barding Armor
26:33 Forging
27:29 Husbandry
27:47 Bloodlines
29:36 Chain Barding Armor
29:52 Iron Casting
37:47 Imperial Age
37:20 Ballistics
40:24 Blast Furnace
40:00 Plate Barding Armor
40:09 Gold Shaft Mining
39:31 Cavalier
41:13 Conscription
41:33 Hoardings
41:06 Savar
45:01 Onager
46:58 Chemistry
46:10 Masonry
45:56 Murder Holes
46:49 Citadels
52:13 Architecture
ing.bio.aaron
4:13 Loom
13:34 Feudal Age
15:08 Town Watch
17:48 Castle Age
16:22 Double-Bit Axe
16:30 Stone Mining
16:39 Gold Mining
16:32 Horse Collar
19:24 Bow Saw
20:49 Wheelbarrow
21:04 Padded Archer Armor
21:48 Fletching
23:49 Bodkin Arrow
25:18 Leather Archer Armor
26:36 Ballistics
27:41 Heavy Plow
29:11 Fortified Wall
31:05 Stone Shaft Mining
35:33 Imperial Age
34:08 Hand Cart
36:16 Bracer
37:19 Chemistry
37:24 Two-Man Saw
37:54 Ring Archer Armor
38:08 Elite Rattan Archer
40:39 Paper Money
41:09 Caravan
41:18 Scale Barding Armor
41:24 Forging
41:20 Husbandry
41:30 Bloodlines
42:25 Chain Barding Armor
43:13 Town Patrol
43:23 Treadmill Crane
43:39 Murder Holes
44:41 Plate Barding Armor
44:43 Iron Casting
44:52 Squires
45:03 Scale Mail Armor
45:54 Masonry
45:50 Siege Engineers
46:41 Elite Battle Elephant
47:28 Chatras
46:58 Sappers
48:06 Crop Rotation
50:26 Chain Mail Armor
50:01 Arrowslits
50:37 Bombard Tower
50:51 Coinage
50:31 Guilds
ITVE | Jose.Antonio.Paez
9:15 Feudal Age
9:24 Loom
10:12 Town Watch
13:17 Castle Age
11:38 Double-Bit Axe
26:39 Bow Saw
26:10 Horse Collar
34:49 Imperial Age
32:56 Wheelbarrow
33:43 Ballistics
35:10 Heavy Scorpion
37:43 Conscription
39:27 Ballistas
47:27 Chemistry
47:17 Siege Engineers
Alexander
11:08 Feudal Age
9:24 Loom
18:12 Castle Age
16:55 Double-Bit Axe
18:38 Pikeman
19:33 Forging
19:24 Scale Mail Armor
20:02 Squires
25:22 Horse Collar
25:36 Gold Mining
25:34 Arson
32:34 Imperial Age
30:28 Fletching
31:07 Eagle Warrior
32:48 Wheelbarrow
34:12 Garland Wars
34:12 Conscription
35:56 Iron Casting
35:36 Chain Mail Armor
35:19 Elite Eagle Warrior
47:08 Blast Furnace
46:38 Plate Mail Armor
51:59 Conscription
gabrielc.c.f.c
11:16 Feudal Age
11:47 Double-Bit Axe
19:01 Castle Age
17:35 Gold Mining
17:36 Stone Mining
17:30 Horse Collar
20:52 Bow Saw
21:42 Heavy Plow
23:48 Gold Shaft Mining
23:18 Stone Mining
23:37 Padded Archer Armor
23:29 Fletching
23:41 Scale Mail Armor
23:53 Forging
24:34 Wheelbarrow
25:59 Town Watch
26:33 Hand Cart
26:06 Loom
31:26 Bodkin Arrow
31:46 Leather Archer Armor
32:07 Iron Casting
31:48 Chain Mail Armor
34:12 Arson
34:27 Squires
33:48 Pikeman
35:29 Marauders
39:19 Imperial Age
37:21 Husbandry
37:32 Bloodlines
36:42 Light Cavalry
39:50 Masonry
40:03 Ballistics
39:42 Hussar
42:01 Elite Skirmisher
42:12 Halberdier
43:53 Scale Barding Armor
43:49 Bracer
44:49 Blast Furnace
45:50 Thumb Ring
IronWill
10:51 Feudal Age
15:16 Castle Age
13:12 Fletching
13:35 Double-Bit Axe
14:46 Horse Collar
17:09 Crossbowman
19:48 Crossbowman
22:30 Bodkin Arrow
22:37 Loom
23:30 Wheelbarrow
24:07 Bow Saw
25:55 Fervor
29:24 Imperial Age
27:38 Padded Archer Armor
28:11 Squires
27:57 Arson
29:48 Chemistry
29:09 Ballistics
29:33 Leather Archer Armor
30:07 Scale Mail Armor
30:18 Forging
29:53 Arbalester
30:58 Pikeman
31:47 Bracer
32:57 Ring Archer Armor
33:46 Halberdier
Connection lost

Rejoining the realm…

Still unreachable

The connection could not be restored.

Session expired

The server has moved on; the page needs a fresh start.